 Dungeon Crawl Stone Soup version 0.26-a0-1038-gfb849e850a (webtiles) character file.

Game seed: 11206181124197799991

419 Delamore the Skirmisher (level 6, -7/40 HPs)
             Began as a Gargoyle Fighter on Dec 11, 2020.
             Killed by divine providence
             ... invoked by an orc priest
              (13 damage)
             ... on level 4 of the Dungeon.
             The game lasted 00:03:43 (2841 turns).

Delamore the Skirmisher (Gargoyle Fighter)          Turns: 2841, Time: 00:03:44

Health: -7/40      AC: 13    Str: 22    XL:     6   Next: 93%
Magic:  6/6        EV:  8    Int: 14    God:
Gold:   171        SH: 15    Dex:  9    Spells: 5/5 levels left

rFire    + . .     SeeInvis .   a - +0 flail
rCold    . . .     Faith    .   c - +0 kite shield
rNeg     + . .     Spirit   .   r - +2 ring mail {rF+}
rPois    ∞         Reflect  +   (no helmet)
rElec    +         Harm     .   t - +0 cloak
rCorr    .         Rampage  .   (no gloves)
Will     .....                  (no boots)
Stlth    ..........             h - amulet of reflection
HPRegen  0.13/turn              n - +6 ring of intelligence
MPRegen  0.10/turn              (no ring)

@: no status effects
A: negative energy resistance 1, electricity resistance, unbreathing,
petrification resistance, rot immunity, AC +4
a: no special abilities


You were on level 4 of the Dungeon.
You visited 1 branch of the dungeon, and saw 4 of its levels.

You collected 171 gold pieces.

Inventory:

Hand Weapons
 a - a +0 flail (weapon)
 u - a +0 morningstar
Armour
 b - a +0 scale mail
 c - a +0 kite shield (worn)
 r - a +2 ring mail of fire resistance (worn)
 t - a +0 cloak (worn)
Jewellery
 h - an amulet of reflection (around neck)
 n - a +6 ring of intelligence (left hand)
Wands
 l - a wand of random effects (19)
Scrolls
 g - 2 scrolls of remove curse
 j - 2 scrolls of random uselessness {unknown}
 k - a scroll of fog {unknown}
 m - a scroll of fear
 o - a scroll of immolation {unknown}
 p - a scroll of enchant armour {unknown}
 q - a scroll of amnesia {unknown}
Potions
 d - a potion of might
 e - a potion of degeneration
 f - 2 potions of curing
 i - a potion of flight
 s - a potion of mutation
 v - a potion of magic {unknown}


   Skills:
 - Level 5.0 Fighting
 + Level 5.0 Maces & Flails
 - Level 3.7 Armour
 - Level 5.0 Shields


You had 5 spell levels left.
You didn't know any spells.
Your spell library was empty.

Dungeon Overview and Level Annotations

Branches:
Dungeon (4/15)
 Temple: D:4-7

Altars:
Nemelex Xobeh


Innate Abilities, Weirdness & Mutations

You are resistant to torment.
Your stone body is resilient. (AC +4)
You are immune to poison.
You resist negative energy. (rN+)
You are resistant to electric shocks. (rElec)
You can survive without breathing.
You are immune to petrification.
You are immune to rotting.


Message History

No target in view!
No target in view!
An orc priest comes into view. It is wielding a +0 hand axe.
The orc priest calls down the wrath of Beogh upon you.
Beogh smites you!
An orc wizard comes into view. It is wielding a +0 dagger.
Items here: )))) [[ †††††.
An orc priest comes into view. It is wielding a +0 club.
The orc wizard gestures at you while chanting.
The puff of flame misses you.
Items here: )))) [[ †††††.
The orc wizard looks braver for a moment.
The orc priest invokes the aid of Beogh against you.
Beogh smites you!
The orc priest mumbles some strange prayers to Beogh against you.
Beogh smites you!
* * * LOW HITPOINT WARNING * * *
The orc priest calls down the wrath of Beogh upon you.
Beogh smites you!
You die...

################################
#.......oo.....@........).....).
#.##############################
.#)# ...# ...# ...# ..o# .#o#
..o.


You could see an orc priest and an orc wizard.

Vanquished Creatures
  2 howler monkeys
  4 wights (D:4)
  Natasha (D:2)
  A hound skeleton (D:4)
  5 adders
  2 worms (D:3)
  2 dart slugs
  2 leopard geckos
  8 orcs (D:4)
  13 bats
  A giant cockroach (D:3)
  14 goblins
  7 hobgoblins
  2 quokkas (D:3)
  4 frilled lizards
  8 kobolds
  5 rats
81 creatures vanquished.

Notes
Turn   | Place    | Note
-------+----------+-------------------------------------------
     0 | D:1      | Delamore the Gargoyle Fighter began the quest for the Orb.
     0 | D:1      | Reached XP level 1. HP: 14/14 MP: 1/1
   223 | D:1      | Reached XP level 2. HP: 19/19 MP: 2/2
   888 | D:2      | Reached XP level 3. HP: 21/23 MP: 3/3
  1425 | D:2      | Noticed Natasha
  1441 | D:2      | Killed Natasha
  1442 | D:2      | Reached XP level 4. HP: 27/29 MP: 4/4
  1561 | D:3      | Found a sparkling altar of Nemelex Xobeh.
  1968 | D:3      | Reached XP level 5. HP: 33/33 MP: 5/5
  2373 | D:4      | Noticed an ogre
  2508 | D:4      | Reached XP level 6. HP: 32/40 MP: 6/6
  2519 | D:4      | Reached skill level 5 in Fighting
  2519 | D:4      | Reached skill level 5 in Shields
  2824 | D:4      | Reached skill level 5 in Maces & Flails
  2841 | D:4      | Killed from afar by an orc priest

Illustrated notes

Levels and vault maps discovered:
D:1:      dpeg_arrival_round_c, layout_loops_ring, minmay_pentomino_o4
D:2:      layout_rooms, minmay_misc_feat_five, uniq_natasha
D:3:      kennysheep_the_goblin_king, layout_basic,
          nemelex_xobeh_ov_fountains_minmay
D:4:      layout_basic, serial_rivers, chequers_serial_rivers_small_3,
          chequers_serial_rivers_micro_e, chequers_serial_rivers_large_a,
          chequers_serial_rivers_micro_e

Skill      XL: |  1  2  3  4  5  6 |
---------------+-------------------+-----
Shields        | 4 5 |  5.0
Maces & Flails | 3 5 |  5.0
Fighting       | 4 5 |  5.0
Armour         | |  3.7

Action                   |  1- 3 |  4- 6 || total
-------------------------+-------+-------++-------
Melee: Flail             |   149 |   194 ||   343
  Use: Scroll            |       |     5 ||     5
Armor: Scale mail        |   116 |    24 ||   140
       Ring mail         |       |    47 ||    47
Dodge: Dodged            |    49 |    48 ||    97
Block: Kite shield       |   141 |   159 ||   300
       Reflection        |     2 |     2 ||     4

Table legend: (Time is in decaauts)
 A = Elapsed time spent in this place.
 B = Non-inter-level travel time spent in this place.
 C = Inter-level travel time spent in this place.
 D = Time resting spent in this place.
 E = Time spent auto-exploring this place.
 F = Levels seen in this place.
 G = Mean time per level.
                   A        B        C        D        E       F      G
               +--------+--------+--------+--------+--------+-----+--------+
         Total |   2955 |   2821 |    134 |    209 |   1843 |   4 |  738.8 |
       Dungeon |   2955 |   2821 |    134 |    209 |   1843 |   4 |  738.8 |
               +--------+--------+--------+--------+--------+-----+--------+

Top non-repeatable levels by time:
     D:3: 909 daAuts
     D:1: 859 daAuts
     D:2: 726 daAuts
     D:4: 460 daAuts
